 Dungeon Crawl Stone Soup version 0.30-a0-347-gf58ed5266c (webtiles) character file.

Game seed: 10531009747760227782

2832 bande the Cleaver (level 9, -1/55 HPs)
             Began as a Gargoyle Fighter on Nov 7, 2022.
             Was a Follower of Okawaru.
             Slain by Duvessa
             ... wielding a +0 rapier
              (5 damage)
             ... on level 7 of the Dungeon.
             The game lasted 00:12:53 (5889 turns).

bande the Cleaver (Gargoyle Fighter)                Turns: 5889, Time: 00:12:53

Health: -1/55      AC: 22    Str: 24    XL:     9   Next: 73%
Magic:  10/10      EV:  6    Int: 13    God:    Okawaru [*.....]
Gold:   484        SH:  5    Dex: 12    Spells: 8/8 levels left

rFire   . . .      SeeInvis .    a - +1 war axe (freeze)
rCold   . . .      Faith    .    c - +0 buckler
rNeg    + . .      Spirit   .    u - +0 plate armour of Beyond {rCorr Str+5}
rPois   ∞          Reflect  .    (no helmet)
rElec   +          Harm     .    n - +0 cloak
rCorr   +          Rampage  .    (no gloves)
Will    +....                    g - +0 pair of boots
Stlth   ..........               (no amulet)
HPRegen 0.29/turn                (no ring)
MPRegen 0.12/turn                (no ring)

@: mighty
A: sickness immunity, AC +6, negative energy resistance 1, electricity
resistance, torment resistance 1, petrification resistance, clever 1,
strong-willed 1, wild magic 1
a: Renounce Religion, Heroism


You were on level 7 of the Dungeon.
You worshipped Okawaru.
Okawaru was aware of your devotion.
You visited 2 branches of the dungeon, and saw 8 of its levels.

You collected 484 gold pieces.

Inventory:

Hand Weapons
 a - a +1 war axe of freezing (weapon)
 j - a +0 flail
 v - a +0 war axe
Missiles
 y - 3 throwing nets (quivered)
Armour
 c - a +0 buckler (worn)
 g - a +0 pair of boots (worn)
 n - a +0 cloak (worn)
 u - the +0 plate armour of Beyond (worn) {rCorr Str+5}
   (You found it on level 5 of the Dungeon)

   Str:       It affects your strength (+5).
   rCorr:     It protects you from acid and corrosion.
Jewellery
 t - an amulet of the acrobat
 B - a ring of positive energy
Wands
 e - a wand of digging (3)
Scrolls
 p - a scroll of teleportation
 w - 2 scrolls of enchant armour {unknown}
Potions
 b - 2 potions of magic {unknown}
 d - a potion of might
 f - 2 potions of mutation
 h - 2 potions of cancellation
 i - 2 potions of brilliance
 k - 2 potions of heal wounds
 l - a potion of resistance {unknown}
 m - 2 potions of curing {unknown}
 o - 2 potions of degeneration {unknown}
 q - 2 potions of lignification {unknown}
 r - a potion of ambrosia {unknown}
 s - a potion of flight {unknown}
 x - a potion of invisibility {unknown}
 z - 2 potions of berserk rage {unknown}
 A - a potion of haste {unknown}


   Skills:
 + Level 5.9 Fighting
 + Level 8.0 Axes
 + Level 7.0 Armour
 - Level 0.1 Dodging
 - Level 0.1 Stealth
 + Level 4.9 Shields
 * Level 2.5 Invocations
 * Level 4.5 Evocations


You had 8 spell levels left.
You didn't know any spells.
Your spell library contained the following spells:

 Spells                   Type           Power      Damage    Failure   Level
 Blink                    Tloc           0%         N/A       100%        2
 Momentum Strike          Conj/Tloc      0%         3d8       100%        2
 Lesser Beckoning         Tloc           0%         N/A       100%        3


Dungeon Overview and Level Annotations

Branches:
Dungeon (7/15)             Temple (1/1) D:7

Altars:
Cheibriados
Elyvilon
Fedhas
Gozag
Hepliaklqana
Kikubaaqudgha
Nemelex Xobeh
Okawaru
Sif Muna
Trog
Uskayaw
Vehumet
Wu Jian
Xom
Yredelemnul
Zin
The Shining One

Shops:
D:5 [

Annotations:
D:7 Duvessa


Innate Abilities, Weirdness & Mutations

You are immune to sickness and miasma.
Your stone body is resilient. (AC +6)
You are immune to poison.
You resist negative energy. (rN+)
You are resistant to electric shocks. (rElec)
You are resistant to unholy torment.
You are immune to petrification.
Your mind is acute. (Int +4, Str/Dex -1)
You are strong-willed. (Will+)
Your spells are a little harder to cast, but a little more powerful.


Message History

You kill the ice beast!
Okawaru accepts your kill.
You can now gain great but temporary skills.
You hit Duvessa but do no damage. You barely miss the black bear.
Duvessa hits you with a +0 rapier.
* * * LOW HITPOINT WARNING * * *
The black bear bites you.
* * * LOW HITPOINT WARNING * * *
The black bear claws you but does no damage. x2
The gnoll hits you from afar with a +0 halberd!
* * * LOW HITPOINT WARNING * * *
Duvessa barely misses you.
Your Armour skill increases to level 7!
You feel much better.
The gnoll is no longer moving quickly.
You block the black bear's attack.
The black bear claws you but does no damage. x2
The gnoll barely misses you. Duvessa hits you but does no damage.
You hit Duvessa. You freeze Duvessa.
Duvessa is moderately wounded.
You hit the black bear. You freeze the black bear.
Duvessa hits you but does no damage.
The black bear goes berserk!
The gnoll hits you from afar with a +0 halberd.
Duvessa hits you with a +0 rapier.
* * * LOW HITPOINT WARNING * * *
You closely miss Duvessa.
Duvessa is moderately wounded.
You slash the black bear! You freeze the black bear.
You kill the black bear!
Okawaru accepts your kill.
The gnoll hits you from afar with a +0 halberd.
* * * LOW HITPOINT WARNING * * *
Duvessa hits you with a +0 rapier!
* * * LOW HITPOINT WARNING * * *
The gnoll closely misses you.
Your Axes skill increases to level 8!
You slash Duvessa! You freeze Duvessa.
Duvessa is heavily wounded.
Your attacks no longer feel as feeble.
Duvessa hits you with a +0 rapier.
You die...

## .## #.#
.## .####
....# .
##### ...
##### #
....###.#.#
#
......)@(#
#
.♣....e.)#
#
......g.)#
#
....#.##.#
# ......
#.# #
...... #.#
# ...## #.#
# .. ####.#
##########
#.##.#


You could see Duvessa (berserk) and a gnoll.

Vanquished Creatures
  A water moccasin (D:5)
  An orc warrior (D:7)
  4 ice beasts
  2 sky beasts
  2 black bears
  2 ogres
  A phantom (D:6)
  2 bullfrogs
  4 scorpions
  8 wights (D:6)
  Dowan (D:7)
  3 howler monkeys (D:7)
  4 hounds (D:5)
  A jelly (D:6)
  2 orc priests
  Crazy Yiuf (D:2)
  2 gnoll boudas (D:7)
  5 iguanas
  An orc wizard (D:7)
  8 gnolls (D:7)
  10 adders
  3 white imps
  2 ufetubi
  2 worms
  4 dart slugs
  8 orcs
  7 ball pythons
  7 bats
  3 endoplasms
  3 giant cockroaches
  9 goblins
  6 hobgoblins
  4 jackals (D:2)
  4 quokkas
  2 frilled lizards
  7 kobolds
  10 rats
  A spectral orc (D:6)
147 creatures vanquished.

Notes
Turn   | Place    | Note
-------+----------+-------------------------------------------
     0 | D:1      | bande the Gargoyle Fighter began the quest for the Orb.
     0 | D:1      | Reached XP level 1. HP: 14/14 MP: 1/1
   291 | D:1      | Reached XP level 2. HP: 19/19 MP: 2/2
   372 | D:1      | Reached skill level 2 in Axes
   812 | D:2      | Reached XP level 3. HP: 23/23 MP: 3/3
   839 | D:2      | You fall into a shaft and drop 2 floors!
   910 | D:3      | Found a hide-covered altar of Uskayaw.
   993 | D:3      | Reached XP level 4. HP: 29/29 MP: 4/4
  1127 | D:2      | Reached skill level 3 in Axes
  1399 | D:2      | Found a faded altar of an unknown god.
  1634 | D:2      | Found a runed translucent door.
  1635 | D:2      | Noticed Crazy Yiuf
  1756 | D:2      | Killed Crazy Yiuf
  1757 | D:2      | Reached XP level 5. HP: 18/33 MP: 5/5
  2547 | D:4      | Noticed an ogre
  2551 | D:4      | Killed an ogre
  2552 | D:4      | Reached skill level 4 in Axes
  2552 | D:4      | Reached XP level 6. HP: 23/38 MP: 6/6
  2785 | D:4      | Reached skill level 1 in Evocations
  3260 | D:4      | Gained mutation: You are strong-willed. (Will+) [potion of
                  | mutation]
  3260 | D:4      | Gained mutation: Your mind is acute. (Int +4, Str/Dex -1)
                  | [potion of mutation]
  3260 | D:4      | Gained mutation: Your spells are a little harder to cast,
                  | but a little more powerful. [potion of mutation]
  3267 | D:5      | Entered Level 5 of the Dungeon
  3281 | D:5      | Noticed a water moccasin
  3290 | D:5      | Killed a water moccasin
  3354 | D:5      | Identified the +0 plate armour of Beyond {rCorr Str+5}
  3395 | D:5      | Noticed an ice beast
  3400 | D:5      | Killed an ice beast
  3401 | D:5      | Reached XP level 7. HP: 44/44 MP: 7/7
  3425 | D:5      | Found an ornate altar of the Wu Jian Council.
  3585 | D:5      | Found Teyfes's Armour Emporium.
  3639 | D:5      | Reached skill level 5 in Axes
  3639 | D:5      | Reached skill level 5 in Armour
  3909 | D:6      | Reached XP level 8. HP: 38/48 MP: 8/8
  4030 | D:6      | Reached skill level 5 in Fighting
  4030 | D:6      | Reached skill level 6 in Axes
  4500 | D:6      | Found a basalt altar of Yredelemnul.
  4611 | D:6      | Reached skill level 7 in Axes
  4611 | D:6      | Reached XP level 9. HP: 27/54 MP: 9/9
  5028 | D:6      | Found a bloodstained altar of Trog.
  5076 | D:7      | Found a staircase to the Ecumenical Temple.
  5094 | Temple   | Entered the Ecumenical Temple
  5140 | Temple   | Became a worshipper of Warmaster Okawaru
  5208 | D:7      | Found a shimmering altar of Xom.
  5382 | D:7      | Reached skill level 1 in Invocations
  5867 | D:7      | Noticed Dowan
  5872 | D:7      | Noticed Duvessa
  5882 | D:7      | Killed Dowan
  5885 | D:7      | Reached * piety under Okawaru
  5885 | D:7      | HP: 2/55 [gnoll/+0 halberd[a gnoll bouda] (7)]
  5889 | D:7      | Reached skill level 8 in Axes
  5889 | D:7      | Slain by Duvessa

Illustrated notes

Levels and vault maps discovered:
D:1:      kennysheep_arrival_forest, layout_basic, st_stairs_6,
          chequers_serial_rivers_micro_d
D:2:      layout_loops_ring, shapermc_ecumenical_altar_starsandcircs,
          corexii_hall_statues_x, reono_crystal_passage, minmay_heptomino_l4,
          uniq_crazy_yiuf_cottage
D:3:      layout_basic, nicolae_uskayaw_suspiria, grunt_ministairs_9
D:4:      layout_loops_ring, kennysheep_generic_room_16
D:5:      layout_rooms, nzn_wu_jian_contemplation, serial_shops,
          nicolae_lakefront_shop
D:6:      layout_rooms, yredelemnul_forgotten_temple_becter,
          mainiacjoe_overflow_surrounded_room
D:7:      layout_loops_ring, mainiacjoe_overflow_paths,
          minmay_temple_entry_mini_moons, grunt_ministairs_6,
          kennysheep_generic_room_15, uniq_duvessa
Temple:   minmay_temple_bridge_abc

Skill      XL: |  1  2  3  4  5  6  7  8  9 |
---------------+----------------------------+-----
Axes           | 2 3 4 5 7 8 |  8.0
Armour         | 4 5 6 7 |  7.0
Fighting       | 4 5 |  5.9
Evocations     | 1 2 3 4 |  4.5
Shields        | 4 |  4.9
Invocations    | 2 |  2.5
Dodging        | |  0.1
Stealth        | |  0.1

Action                   |  1- 3 |  4- 6 |  7- 9 || total
-------------------------+-------+-------+-------++-------
Melee: War axe           |    80 |   142 |   212 ||   434
  Use: Scroll            |       |     8 |     5 ||    13
       Potion            |       |     1 |     4 ||     5
 Stab: Invisible         |       |     1 |       ||     1
Armor: Plate armour      |    83 |    84 |   226 ||   393
       Scale mail        |     5 |       |       ||     5
       Storm dragon scal |       |    46 |       ||    46
Dodge: Dodged            |    24 |    57 |   104 ||   185
Block: Buckler           |    26 |    31 |    67 ||   124

Table legend: (Time is in decaauts)
 A = Elapsed time spent in this place.
 B = Non-inter-level travel time spent in this place.
 C = Inter-level travel time spent in this place.
 D = Time resting spent in this place.
 E = Time spent auto-exploring this place.
 F = Levels seen in this place.
 G = Mean time per level.
                   A        B        C        D        E       F      G
               +--------+--------+--------+--------+--------+-----+--------+
         Total |   6022 |   5915 |    107 |    758 |   3788 |   8 |  752.8 |
       Dungeon |   5947 |   5840 |    107 |    758 |   3769 |   7 |  849.6 |
        Temple |     74 |     74 |      0 |      0 |     19 |   1 |   74.0 |
               +--------+--------+--------+--------+--------+-----+--------+

Top non-repeatable levels by time:
     D:6: 1174 daAuts
     D:4: 1005 daAuts
     D:2: 998 daAuts
     D:7: 775 daAuts
     D:1: 734 daAuts
     D:5: 645 daAuts
     D:3: 614 daAuts
  Temple: 74 daAuts
